3A
GALESBURG GUZZLERS @ PROVO MANGO
07/25/2027
 
TOP OF THE 1ST
Galesburg Guzzlers batting - Pitching for Provo Mango : RHP Kagetoki Matsubara
Pitching: RHP Kagetoki Matsubara
Batting: RHB Eun-bum Kim 0-0: Ball
1-0: Swinging Strike
1-1: Ball
2-1: Foul Ball, location: 2F
2-2: Foul Ball, location: 2F
2-2: Ball
3-2: Fly out, F8 (Flyball, 8RM)
Batting: LHB Paolo van Ginderen 0-0: Ball
1-0: Ball
2-0: Ground out U3 (Groundball, 3S)
Batting: RHB Toussiant L'Ouverture 0-0: Called Strike
0-1: Foul Ball, location: 2F
0-2: Strikes out looking
Top of the 1st over - 0 run(s), 0 hit(s), 0 error(s), 0 left on base; Galesburg 0 - Provo 0
BOTTOM OF THE 1ST
Provo Mango batting - Pitching for Galesburg Guzzlers : RHP César Albó
Pitching: RHP César Albó
Batting: SHB Yun-qi Chien 0-0: Ball
1-0: Foul Ball, location: 2F
1-1: Foul Ball, location: 2F
1-2: Ball
2-2: SINGLE (Line Drive, 7S)
Batting: RHB António Marquis 0-0: Ball
Yun-qi Chien is caught stealing 2nd base
1-0: Swinging Strike
1-1: Foul Ball, location: 2F
1-2: Strikes out swinging
Batting: RHB Francisco Guerra 0-0: Called Strike
0-1: Called Strike
0-2: Strikes out looking
Bottom of the 1st over - 0 run(s), 1 hit(s), 0 error(s), 0 left on base; Galesburg 0 - Provo 0
TOP OF THE 2ND
Galesburg Guzzlers batting - Pitching for Provo Mango : RHP Kagetoki Matsubara
Batting: LHB Armando Rodríguez 0-0: SINGLE (Flyball, 78S)
Batting: RHB Fletcher Megarity 0-0: Called Strike
0-1: Ball
1-1: Ball
2-1: Ball
3-1: Base on Balls
Armando Rodríguez to second
Batting: RHB Mike Mays 0-0: Called Strike
0-1: Ball
1-1: Swinging Strike
1-2: Ball
2-2: Foul Ball, location: 2F
2-2: Ball
3-2: Foul Ball, location: 2F
3-2: Base on Balls
Armando Rodríguez to third
Fletcher Megarity to second
Batting: RHB Jack Cantrell 0-0: Ball
1-0: Ball
2-0: Called Strike
2-1: SINGLE (Groundball, 6D)
Armando Rodríguez scores
Fletcher Megarity to third
Mike Mays to second
Runner from 3rd tries for Home, SAFE, no throw
Batting: RHB Sébastien Bernard 0-0: SINGLE (Flyball, 8LS)
Mike Mays to third
Jack Cantrell to second
Runner from 3rd tries for Home, SAFE, no throw
Batting: LHB Marshall Willis 0-0: Ball
1-0: Foul Ball, location: 2F
1-1: Ball
2-1: Swinging Strike
2-2: Ball
3-2: Strikes out swinging
Batting: RHB Eun-bum Kim 0-0: Foul Ball, location: 2F
0-1: Called Strike
0-2: Strikes out swinging
Batting: LHB Paolo van Ginderen 0-0: Ball
1-0: Swinging Strike
1-1: Ball
2-1: Ball
3-1: Base on Balls
Jack Cantrell to third
Sébastien Bernard to second
Batting: RHB Toussiant L'Ouverture 0-0: Ball
1-0: Swinging Strike
1-1: DOUBLE (Flyball, 89M)
Jack Cantrell scores
Sébastien Bernard scores
Paolo van Ginderen to third
Runner from 3rd tries for Home, SAFE, no throw
Batting: LHB Armando Rodríguez 0-0: Ground out U3 (Groundball, 34)
Top of the 2nd over - 6 run(s), 4 hit(s), 0 error(s), 1 left on base; Galesburg 6 - Provo 0
BOTTOM OF THE 2ND
Provo Mango batting - Pitching for Galesburg Guzzlers : RHP César Albó
Batting: LHB Tom Haymon 0-0: Called Strike
0-1: Ball
1-1: Swinging Strike
1-2: Strikes out swinging, 2-3 out at first.
Batting: RHB Michael Sweeney 0-0: Called Strike
0-1: Ball
1-1: Swinging Strike
1-2: Ball
2-2: Strikes out swinging
Batting: RHB Hatui Haunani 0-0: Called Strike
0-1: Swinging Strike
0-2: Ball
1-2: Ball
2-2: Fly out, F9 (Flyball, 9LS)
Bottom of the 2nd over - 0 run(s), 0 hit(s), 0 error(s), 0 left on base; Galesburg 6 - Provo 0
TOP OF THE 3RD
Galesburg Guzzlers batting - Pitching for Provo Mango : RHP Kagetoki Matsubara
Batting: RHB Fletcher Megarity 0-0: SINGLE (Line Drive, 6MD)
Batting: RHB Mike Mays 0-0: Fly out, F8 (Flyball, 8LM)
Batting: RHB Jack Cantrell 0-0: Foul Ball, location: 2F
0-1: Ball
1-1: Ball
2-1: Ground out 3-1 (Groundball, 34S)
Fletcher Megarity to second
Batting: RHB Sébastien Bernard 0-0: Swinging Strike
0-1: Foul Ball, location: 2F
0-2: Ball
1-2: Ball
2-2: Foul Ball, location: 2F
2-2: Foul Ball, location: 2F
2-2: Strikes out swinging
Top of the 3rd over - 0 run(s), 1 hit(s), 0 error(s), 1 left on base; Galesburg 6 - Provo 0
BOTTOM OF THE 3RD
Provo Mango batting - Pitching for Galesburg Guzzlers : RHP César Albó
Batting: RHB Guillermo Carrizales 0-0: Fly out, F6 (Popup, 6S)
Batting: SHB Hong Wei Cao 0-0: Ground out 6-3 (Groundball, 6)
Batting: SHB Tommy Dreamer 0-0: Ball
1-0: Ball
2-0: Ball
3-0: Called Strike
3-1: Ground out 4-3 (Groundball, 4)
Bottom of the 3rd over - 0 run(s), 0 hit(s), 0 error(s), 0 left on base; Galesburg 6 - Provo 0
TOP OF THE 4TH
Galesburg Guzzlers batting - Pitching for Provo Mango : RHP Kagetoki Matsubara
Batting: LHB Marshall Willis 0-0: Called Strike
0-1: Ball
1-1: Ball
2-1: Ball
3-1: Base on Balls
Batting: RHB Eun-bum Kim 0-0: Ball
1-0: Ground out 3-1 (Groundball, 3)
Marshall Willis to second
Batting: LHB Paolo van Ginderen 0-0: Swinging Strike
0-1: Ground out 4-3 (Groundball, 4)
Marshall Willis to third
Batting: RHB Toussiant L'Ouverture 0-0: Ball
1-0: Called Strike
1-1: Ball
2-1: DOUBLE (Flyball, 8RM)
Marshall Willis scores
Pitching: RHP Ismael Robey
Batting: LHB Armando Rodríguez 0-0: Ball
1-0: Swinging Strike
1-1: Ball
2-1: Called Strike
2-2: Foul Ball, location: 2F
2-2: Ball
3-2: Strikes out swinging
Top of the 4th over - 1 run(s), 1 hit(s), 0 error(s), 1 left on base; Galesburg 7 - Provo 0
BOTTOM OF THE 4TH
Provo Mango batting - Pitching for Galesburg Guzzlers : RHP César Albó
Batting: SHB Yun-qi Chien 0-0: Ball
1-0: Ball
2-0: Called Strike
2-1: SINGLE (Flyball, 7S)
Batting: RHB António Marquis 0-0: Ball
1-0: Called Strike
1-1: Ball
2-1: Fly out, F6 (Line Drive, 6)
Batting: RHB Francisco Guerra 0-0: Fly out, F2 (Popup, 25)
Batting: LHB Tom Haymon 0-0: Called Strike
0-1: Called Strike
0-2: Ball
Yun-qi Chien steals 2nd base
1-2: Foul Ball, location: 2F
1-2: Ball
2-2: Strikes out swinging
Bottom of the 4th over - 0 run(s), 1 hit(s), 0 error(s), 1 left on base; Galesburg 7 - Provo 0
TOP OF THE 5TH
Galesburg Guzzlers batting - Pitching for Provo Mango : RHP Ismael Robey
Batting: RHB Fletcher Megarity 0-0: Ground out 5-3 (Groundball, 5)
Batting: RHB Mike Mays 0-0: Ball
1-0: Swinging Strike
1-1: Ball
2-1: Called Strike
2-2: Ball
3-2: Strikes out looking
Batting: RHB Jack Cantrell 0-0: Called Strike
0-1: Ball
1-1: Called Strike
1-2: Strikes out swinging
Top of the 5th over - 0 run(s), 0 hit(s), 0 error(s), 0 left on base; Galesburg 7 - Provo 0
BOTTOM OF THE 5TH
Provo Mango batting - Pitching for Galesburg Guzzlers : RHP César Albó
Batting: RHB Michael Sweeney 0-0: Foul Ball, location: 2F
0-1: Ball
1-1: Called Strike
1-2: Strikes out looking
Batting: RHB Hatui Haunani 0-0: Ground out 6-3 (Groundball, 6)
Batting: RHB Guillermo Carrizales 0-0: Ball
1-0: Foul Ball, location: 2F
1-1: Foul Ball, location: 2F
1-2: Foul Ball, location: 2F
1-2: Ball
2-2: Strikes out looking
Bottom of the 5th over - 0 run(s), 0 hit(s), 0 error(s), 0 left on base; Galesburg 7 - Provo 0
TOP OF THE 6TH
Galesburg Guzzlers batting - Pitching for Provo Mango : RHP Ismael Robey
Batting: RHB Sébastien Bernard 0-0: Ball
1-0: Swinging Strike
1-1: Called Strike
1-2: Ball
2-2: Strikes out swinging
Batting: LHB Marshall Willis 0-0: Ball
1-0: Foul Ball, location: 2F
1-1: Ball
2-1: Called Strike
2-2: Fly out, F3 (Line Drive, 3)
Batting: RHB Eun-bum Kim 0-0: Called Strike
0-1: Called Strike
0-2: Ball
1-2: Foul Ball, location: 2F
1-2: Foul Ball, location: 2F
1-2: Strikes out looking
Top of the 6th over - 0 run(s), 0 hit(s), 0 error(s), 0 left on base; Galesburg 7 - Provo 0
BOTTOM OF THE 6TH
Provo Mango batting - Pitching for Galesburg Guzzlers : RHP César Albó
Batting: SHB Hong Wei Cao 0-0: Swinging Strike
0-1: Ball
1-1: Foul Ball, location: 2F
1-2: Ball
2-2: Ball
3-2: Ground out 4-3 (Groundball, 34)
Batting: SHB Tommy Dreamer 0-0: Ball
1-0: Foul Ball, location: 2F
1-1: Ball
2-1: Swinging Strike
2-2: Strikes out swinging
Batting: SHB Yun-qi Chien 0-0: Called Strike
0-1: Swinging Strike
0-2: Strikes out looking
Bottom of the 6th over - 0 run(s), 0 hit(s), 0 error(s), 0 left on base; Galesburg 7 - Provo 0
TOP OF THE 7TH
Galesburg Guzzlers batting - Pitching for Provo Mango : RHP Ismael Robey
Batting: LHB Paolo van Ginderen 0-0: Ball
1-0: Ball
2-0: Ball
3-0: Called Strike
3-1: Called Strike
3-2: Strikes out swinging
Batting: RHB Toussiant L'Ouverture 0-0: Called Strike
0-1: Ball
1-1: Called Strike
1-2: Ball
2-2: Foul Ball, location: 2F
2-2: Ball
3-2: Base on Balls
Batting: LHB Armando Rodríguez 0-0: Ball
1-0: Grounds into double play, 4-6-3 (Groundball, 4)
Top of the 7th over - 0 run(s), 0 hit(s), 0 error(s), 0 left on base; Galesburg 7 - Provo 0
BOTTOM OF THE 7TH
Provo Mango batting - Pitching for Galesburg Guzzlers : RHP César Albó
Batting: RHB António Marquis 0-0: Swinging Strike
0-1: Ball
1-1: Ground out 3-1 (Groundball, 34)
Batting: RHB Francisco Guerra 0-0: Ball
1-0: Swinging Strike
1-1: Swinging Strike
1-2: Foul Ball, location: 2F
1-2: Strikes out swinging
Batting: LHB Tom Haymon 0-0: Ball
1-0: Called Strike
1-1: SINGLE (Groundball, 4MD)
Batting: RHB Michael Sweeney 0-0: Called Strike
0-1: Ball
1-1: Ball
2-1: Swinging Strike
2-2: Strikes out swinging
Bottom of the 7th over - 0 run(s), 1 hit(s), 0 error(s), 1 left on base; Galesburg 7 - Provo 0
TOP OF THE 8TH
Galesburg Guzzlers batting - Pitching for Provo Mango : RHP Ismael Robey
Batting: RHB Fletcher Megarity 0-0: Ground out 6-3 (Groundball, 6S)
Batting: RHB Mike Mays 0-0: SINGLE (Groundball, 34D)
Batting: RHB Jack Cantrell 0-0: Foul Ball, location: 2F
0-1: Foul Ball, location: 2F
0-2: Strikes out swinging
Batting: RHB Sébastien Bernard 0-0: Ball
Mike Mays is caught stealing 2nd base
Top of the 8th over - 0 run(s), 1 hit(s), 0 error(s), 0 left on base; Galesburg 7 - Provo 0
BOTTOM OF THE 8TH
Provo Mango batting - Pitching for Galesburg Guzzlers : RHP César Albó
Now in RF: Robby Amesquita
Batting: RHB Hatui Haunani 0-0: Fly out, F5 (Popup, 56)
Batting: RHB Guillermo Carrizales 0-0: Called Strike
0-1: Ball
1-1: Fly out, F7 (Flyball, 78M)
Batting: SHB Hong Wei Cao 0-0: Ground out U3 (Groundball, 3)
Bottom of the 8th over - 0 run(s), 0 hit(s), 0 error(s), 0 left on base; Galesburg 7 - Provo 0
TOP OF THE 9TH
Galesburg Guzzlers batting - Pitching for Provo Mango : RHP Ismael Robey
Pitching: RHP Juan Sánchez
Batting: RHB Sébastien Bernard 0-0: Called Strike
0-1: Foul Ball, location: 2F
0-2: Foul Ball, location: 2F
0-2: Ball
1-2: Ground out 6-3 (Groundball, 6)
Batting: LHB Marshall Willis 0-0: Called Strike
0-1: Foul Ball, location: 2F
0-2: Strikes out swinging
Batting: RHB Eun-bum Kim 0-0: Called Strike
0-1: Swinging Strike
0-2: Ball
1-2: Strikes out looking
Top of the 9th over - 0 run(s), 0 hit(s), 0 error(s), 0 left on base; Galesburg 7 - Provo 0
BOTTOM OF THE 9TH
Provo Mango batting - Pitching for Galesburg Guzzlers : RHP César Albó
Now at C: José Vargas
Batting: SHB Tommy Dreamer 0-0: Ball
1-0: Foul Ball, location: 2F
1-1: Swinging Strike
1-2: Ball
2-2: Ball
3-2: Foul Ball, location: 2F
3-2: Foul Ball, location: 2F
3-2: Foul Ball, location: 2F
3-2: Fly out, F9 (Flyball, 9)
Batting: SHB Yun-qi Chien 0-0: Fly out, F9 (Flyball, 9LS)
Batting: RHB António Marquis 0-0: Ball
1-0: Foul Ball, location: 2F
1-1: Swinging Strike
1-2: Ball
2-2: Strikes out swinging
Bottom of the 9th over - 0 run(s), 0 hit(s), 0 error(s), 0 left on base; Galesburg 7 - Provo 0
Saturday, May 26th, 2018 - OOTP Baseball 17.12 Build 75